 Dungeon Crawl Stone Soup version 0.16.1-4-g8e1b745 (webtiles) character file.

4327 Psiweapon the Cleaver (level 10, -1/77 HPs)
             Began as a Hill Orc Fighter on Mar 27, 2015.
             Was a Believer of Makhleb.
             Killed from afar by an electric eel (14 damage)
             ... with a bolt of electricity
             ... on level 1 of the Lair of Beasts.
             The game lasted 00:39:12 (9583 turns).

Psiweapon the Cleaver (Hill Orc Fighter)            Turns: 9583, Time: 00:39:13

Health: -1/77      AC: 12    Str: 20    XL:     10   Next: 33%
Magic:  22/22      EV:  8    Int:  9    God:    Makhleb [**....]
Gold:   363        SH: 12    Dex: 10    Spells: 0 memorised, 9 levels left

rFire  . . .     SeeInvis +     a - +1 war axe
rCold  + + .     Clarity  .     Q - +0 scale mail {rC+} (curse)
rNeg   . . .     SustAb   .     c - +1 shield (curse)
rPois  +         Gourm    .     v - +0 helmet
rElec  .         Spirit   .     A - +0 cloak (curse)
rCorr  .         Warding  .     (no gloves)
rMut   .         Stasis   .     (no boots)
MR     .....                    (no amulet)
Stlth  ..........               W - ring of see invisible
                                B - ring of protection from cold (curse)

@: not resistant to hostile enchantments, extremely unstealthy
A: hooves 1, slimy green scales 1, clumsy 1, poison resistance, evolution 1
a: Minor Destruction, Renounce Religion


You were on level 1 of the Lair of Beasts.
You worshipped Makhleb.
Makhleb was pleased with you.
You were hungry.

You visited 3 branches of the dungeon, and saw 11 of its levels.
You also visited: Ossuary.

You collected 363 gold pieces.

Inventory:

Hand weapons
 a - a +1 war axe (weapon)
 b - a +2 antimagic hand axe
 i - a +2 battleaxe of venom
 p - a +3 quarterstaff of chaos
 r - a +2 dagger of electrocution
 R - a +0 arbalest
 Z - a +0 morningstar
Missiles
 g - 46 stones
 k - 5 tomahawks of dispersal
 J - 3 javelins (quivered)
Armour
 c - a cursed +1 shield (worn)
 v - a +0 helmet (worn)
 A - a cursed +0 cloak (worn)
 Q - a cursed +0 scale mail of cold resistance (worn)
Jewellery
 B - a cursed ring of protection from cold (left hand)
 W - a ring of see invisible (right hand)
Magical devices
 y - a wand of magic darts (12)
 M - a wand of flame (0)
Scrolls
 h - 3 scrolls of enchant armour
 l - a scroll of immolation
 n - 2 scrolls of amnesia {unknown}
 o - 4 scrolls of random uselessness {unknown}
 q - 4 scrolls of enchant weapon
 s - 2 scrolls of teleportation
 t - 5 scrolls of remove curse
 F - a scroll of blinking {unknown}
 G - 2 scrolls of recharging {unknown}
 H - a scroll of holy word {unknown}
 O - a scroll of fog {unknown}
 T - a scroll of vulnerability {unknown}
 V - 4 scrolls of noise {unknown}
 X - a scroll of identify
Potions
 e - a potion of might
 j - 4 potions of restore abilities
 m - 2 potions of cancellation
 u - 5 potions of curing
 z - a potion of resistance
 C - a potion of agility
 E - a potion of ambrosia {unknown}
 I - 2 potions of lignification {unknown}
 K - 4 potions of brilliance
 L - a potion of degeneration
 P - a potion of magic
 S - 3 potions of poison
 U - a potion of haste
Books
 x - an Akashic Record {highlevel, unknown}

   This book is beyond your current level of understanding.

   Spells                             Type                      Level
   a - Dispersal                      Translocation                6
   b - Controlled Blink               Translocation                7
   c - Malign Gateway                 Summoning/Translocation      7
   d - Disjunction                    Translocation                8
   e - Singularity                    Translocation                9
 D - a book of the Tempests

   Spells                             Type                      Level
   a - Static Discharge               Conjuration/Air              3
   b - Lightning Bolt                 Conjuration/Air              5
   c - Fireball                       Conjuration/Fire             5
   d - Tornado                        Air                          9
   e - Shatter                        Earth                        9
Comestibles
 d - 2 meat rations
 f - 8 bread rations
 w - 9 fruits
 N - a royal jelly
 Y - 3 chunks of flesh


   Skills:
 - Level 3.6 Fighting
 - Level 10.2 Axes
 + Level 7.8 Armour
 - Level 10.0 Shields
 * Level 8.5 Invocations


You had 9 spell levels left.
You didn't know any spells.

Dungeon Overview and Level Annotations

Branches:
Dungeon (9/15)             Temple (1/1) D:7            Lair (1/8) D:9
    Orc: D:9-12

Altars:
Ashenzari
Cheibriados
Dithmenos
Elyvilon
Gozag
Makhleb
Ru
Sif Muna
Trog
Vehumet
Xom
Yredelemnul
Zin
The Shining One

Shops:
D:5 [

Annotations:
D:8 1 exclusion


Innate Abilities, Weirdness & Mutations

You have large cloven feet.
You are partially covered in slimy green scales (AC +2).
You are clumsy. (Dex -2)
Your system is resistant to poisons.
You evolve.


Message History

You kick the electric eel, but do no damage.
The electric eel is heavily wounded.
You hit the plant.
The plant is heavily damaged.
The electric eel shoots out a bolt of lightning at you!
The bolt of electricity hits you!
* * * LOW HITPOINT WARNING * * *
The bolt of electricity hits the plant. x2
You miss the electric eel. Your kick misses the electric eel.
The electric eel is heavily wounded.
You hit the plant but do no damage.
The plant is severely damaged.
Unknown command.
Your shield and scale mail prevent you from hitting the electric eel.
The electric eel is heavily wounded.
You hit the plant but do no damage.
The plant is severely damaged.
The electric eel shoots out a bolt of lightning at you!
The bolt of electricity hits you!
You die...

#######
##≈≈≈≈≈##
##≈≈≈≈≈≈≈#
##≈≈P.P<≈≈#
#≈≈......≈#
#≈≈P...####
##≈P..##
#†@.#.#
#≈;...#
##≈≈..#
##≈..#
#≈≈..#
##≈..# ≈...
#..


You could see an electric eel.

Vanquished Creatures
  Pikel (D:6)
  Eustachio (D:7)
  2 water moccasins
  2 orc warriors
  2 ice beasts
  A black bear (D:7)
  2 slaves (D:6)
  A wasp (D:8)
  3 ogres
  3 centaurs
  A crocodile (D:9)
  Sigmund (D:3)
  5 giant frogs
  A scorpion (D:7)
  10 killer bees (D:7)
  An electric eel (Lair:1)
  3 crimson imps
  2 goliath beetles
  A centaur zombie (Ossuary)
  A centaur skeleton (D:5)
  4 giant frog skeletons
  6 orc priests
  3 iguanas
  A jelly (D:4)
  Crazy Yiuf (D:4)
  5 hounds
  A human zombie (Ossuary)
  5 orc wizards
  Natasha (thrice) (D:4)
  3 worker ants (D:4)
  2 big kobold zombies (Ossuary)
  Ijyb (D:6)
  4 mummies (Ossuary)
  Robin (D:3)
  4 adders
  3 river rats (D:9)
  6 gnolls
  2 shadow imps
  A giant mite (D:5)
  An adder zombie (D:8)
  4 giant geckos
  An ooze (D:1)
  31 orcs
  19 bats
  2 bat skeletons (D:4)
  A bat zombie (D:7)
  4 giant cockroaches
  A gnoll zombie (Ossuary)
  22 goblins
  14 hobgoblins
  13 jackals
  4 quokkas
  A ball python (D:1)
  8 giant newts
  3 hobgoblin zombies (Ossuary)
  10 kobolds
  17 rats
  6 ballistomycetes (D:7)
  A fungus (D:9)
  2 plants (D:9)
265 creatures vanquished.

Vanquished Creatures (others)
  A slave (D:6)
  A giant spore (D:7)
  A fungus (D:9)
  A plant (D:9)
4 creatures vanquished.

Grand Total: 269 creatures vanquished

Notes
Turn   | Place    | Note
--------------------------------------------------------------
     0 | D:1      | Psiweapon, the Hill Orc Fighter, began the quest for the Orb.
     0 | D:1      | Reached XP level 1. HP: 19/19 MP: 1/1
   144 | D:1      | Reached XP level 2. HP: 26/26 MP: 2/2
   808 | D:1      | Reached XP level 3. HP: 28/31 MP: 3/3
   845 | D:1      | Reached skill level 4 in Axes
  1498 | D:2      | Reached XP level 4. HP: 39/39 MP: 4/4
  1635 | D:2      | Reached skill level 5 in Axes
  1699 | D:3      | Reached XP level 5. HP: 45/45 MP: 5/5
  2505 | D:3      | Reached skill level 6 in Axes
  2508 | D:3      | Noticed Robin
  2536 | D:3      | Killed Robin
  2780 | D:4      | Noticed Natasha
  2785 | D:4      | Killed Natasha
  2915 | D:3      | Reached skill level 5 in Shields
  2915 | D:3      | Reached XP level 6. HP: 51/51 MP: 6/6
  2934 | D:3      | Noticed Sigmund
  2963 | D:3      | Killed Sigmund
  2963 | D:3      | Reached skill level 7 in Axes
  3470 | D:3      | Gained mutation: You evolve. [potion of mutation]
  3470 | D:3      | Gained mutation: You are clumsy. (Dex -2) [potion of mutation]
  3486 | D:4      | Noticed Crazy Yiuf
  3498 | D:4      | Killed Crazy Yiuf
  3789 | D:5      | Entered Level 5 of the Dungeon
  4153 | D:4      | Noticed Natasha
  4160 | D:4      | Killed Natasha
  4160 | D:4      | Reached XP level 7. HP: 55/57 MP: 7/7
  4217 | D:4      | Noticed Natasha
  4222 | D:4      | Killed Natasha
  4242 | D:4      | Reached skill level 8 in Axes
  5310 | D:5      | Reached skill level 9 in Axes
  5637 | D:5      | Found Irocof's Armour Boutique.
  5653 | D:5      | Found a snail-covered altar of Cheibriados.
  5709 | D:5      | Reached XP level 8. HP: 59/64 MP: 8/8
  5937 | D:5      | Found a snail-covered altar of Cheibriados.
  5946 | D:5      | Reached skill level 10 in Axes
  5991 | D:5      | Gained mutation: You are partially covered in slimy green scales (AC +2). [evolution]
  6477 | D:6      | Noticed Pikel
  6513 | D:6      | Killed Pikel
  6513 | D:6      | Reached skill level 5 in Armour
  6513 | D:6      | Reached XP level 9. HP: 28/70 MP: 9/9
  6742 | D:6      | Gained mutation: Your natural rate of healing is unusually fast. [potion of mutation]
  6742 | D:6      | Gained mutation: You are frail (-10% HP). [potion of mutation]
  6754 | D:6      | Lost mutation: You are frail (-10% HP). [evolution]
  6937 | D:6      | Noticed Ijyb
  6954 | D:6      | Killed Ijyb
  7445 | D:6      | Reached skill level 10 in Shields
  7570 | D:7      | Found a staircase to the Ecumenical Temple.
  7577 | Temple   | Entered the Ecumenical Temple
  7628 | Temple   | Became a worshipper of Makhleb the Destroyer
  7719 | D:8      | Paralysed by a wasp for 1 turns
  7720 | D:8      | Reached skill level 1 in Invocations
  7728 | D:7      | Gained mutation: Your system is resistant to poisons. [evolution]
  7896 | D:8      | Found a sand-covered staircase.
  7900 | Ossuary  | Entered an ossuary
  7995 | Ossuary  | Gained mutation: You have large cloven feet. [potion of beneficial mutation]
  8075 | Ossuary  | Lost mutation: Your natural rate of healing is unusually fast. [potion of mutation]
  8153 | D:8      | Noticed Eustachio
  8181 | D:7      | Killed Eustachio
  8431 | D:7      | Reached skill level 5 in Invocations
  8431 | D:7      | Acquired Makhleb's first power
  8440 | D:7      | Reached XP level 10. HP: 46/77 MP: 18/20
  8923 | D:8      | Found a snail-covered altar of Cheibriados.
  9007 | D:8      | Acquired Makhleb's second power
  9338 | D:9      | Found a staircase to the Lair.
  9570 | Lair:1   | Entered Level 1 of the Lair of Beasts
  9583 | Lair:1   | Killed from afar by an electric eel

Action                   |  1- 3 |  4- 6 |  7- 9 | 10-12 || total
-------------------------+-------+-------+-------+-------++-------
Melee: War axe           |   134 |   192 |   453 |   158 ||   937
       Hand axe          |       |       |       |    21 ||    21
Throw: Javelin           |       |       |    17 |     4 ||    21
       Stone             |       |       |     2 |       ||     2
       Tomahawk          |       |       |     5 |       ||     5
Evoke: Wand              |       |     7 |     6 |       ||    13
  Use: Scroll            |     2 |     7 |     9 |     1 ||    19
       Potion            |       |     1 |     4 |     2 ||     7
  Eat: Chunk             |     2 |     9 |    13 |     3 ||    27
       Beef jerky        |       |       |     1 |       ||     1
